 Dungeon Crawl Stone Soup version 0.24.1-4-ge52af88ad5 (webtiles) character file.

Game seed: 10124363660758514848, levelgen mode: deterministic

354 Nixze the Chiller (level 6, 0/50 HPs)
             Began as a Draconian Ice Elementalist on Apr 21, 2020.
             Was a Follower of Qazlal.
             Slain by an ogre
             ... wielding a +0 giant club
              (4 damage)
             ... on level 4 of the Dungeon.
             The game lasted 00:11:38 (3841 turns).

Nixze the Chiller (Draconian Ice Elementalist)      Turns: 3841, Time: 00:11:38

Health: 0/50       AC:  8    Str: 10    XL:     6   Next: 35%
Magic:  4/10       EV: 12    Int: 17    God:    Qazlal [*.....]
Gold:   165        SH:  4    Dex: 12    Spells: 5/11 levels left

rFire    . . .     SeeInvis .   u - +0 whip (drain)
rCold    . . .     Gourm    .   (no shield)
rNeg     . . .     Faith    .   (armour unavailable)
rPois    .         Spirit   .   (helmet restricted)
rElec    .         Reflect  +   (no cloak)
rCorr    .         Harm     .   (no gloves)
MR       +....                  g - +1 pair of boots
Stlth    ++........             n - +2 amulet of reflection
HPRegen  0.16/turn              f - ring of protection from magic
MPRegen  0.12/turn              (no ring)

@: no status effects
A: unfitting armour, cold-blooded, AC +6
a: Renounce Religion


You were on level 4 of the Dungeon.
You worshipped Qazlal.
Qazlal was aware of your devotion.
You were not hungry.

You visited 1 branch of the dungeon, and saw 4 of its levels.

You collected 165 gold pieces.

Inventory:

Hand Weapons
 a - a +0 dagger of venom
 u - a +0 whip of draining (weapon)
 w - a +1 falchion of distortion
Armour
 g - a +1 pair of boots (worn)
Jewellery
 f - a ring of protection from magic (left hand)
 n - a +2 amulet of reflection (around neck)
 t - a cursed ring of teleportation {unknown}
Wands
 s - a wand of flame (14)
Scrolls
 h - a scroll of amnesia {unknown}
 i - a scroll of identify
 j - a scroll of fear {unknown}
 o - 2 scrolls of remove curse
 p - a scroll of fog {unknown}
 q - 2 scrolls of magic mapping {unknown}
 r - 2 scrolls of enchant weapon {unknown}
Potions
 c - 3 potions of lignification {unknown}
 d - a potion of haste {unknown}
 e - 2 potions of heal wounds {unknown}
 k - 2 potions of agility
 l - 4 potions of curing
 m - a potion of degeneration {unknown}
 v - a potion of might {unknown}
Comestibles
 b - 5 rations


   Skills:
 + Level 2.9 Fighting
 - Level 1.7 Dodging
 - Level 1.7 Stealth
 + Level 3.3 Spellcasting
 + Level 2.7 Conjurations
 * Level 5.1 Ice Magic


You had 5 spell levels left.
You knew the following spells:

 Your Spells              Type           Power        Failure   Level  Hunger
a - Freeze                Ice            ###.         1%          1    None
b - Throw Frost           Conj/Ice       ###...       4%          2    ##.....
c - Ozocubu's Armour      Chrm/Ice       ##......     19%         3    ###....

Your spell library contained the following spells:

 Spells                   Type           Power        Failure   Level  Hunger
 Throw Icicle             Conj/Ice       ###.....     32%         4    ####...
 Summon Ice Beast         Ice/Summ       ##......     52%         4    ####...


Dungeon Overview and Level Annotations

Branches:
Dungeon (4/15)
 Temple: D:4-7

Altars:
Ashenzari
Cheibriados
Dithmenos
Kikubaaqudgha
Okawaru
Qazlal
The Shining One


Innate Abilities, Weirdness & Mutations

Your plain brown scales are hard. (AC +6)
You cannot fit into any form of body armour.
You are cold-blooded and may be slowed by cold attacks.


Message History

The ogre is severely wounded.
Casting: Freeze (safe; 1% risk of failure)
Confirm with . or Enter, or press ? or * to list all spells.
Aiming: Freeze (safe; 1% risk of failure)
Press: ? - help, Shift-Dir - straight line, f/p - ogre
Aim: an ogre, wielding a +0 giant club (sparse dust, severely wounded)
You freeze the ogre.
The ogre is almost dead.
The ogre hits you with a +0 giant club!!
Ouch! That really hurt!
* * * LOW HITPOINT WARNING * * *
Casting: Freeze (safe; 1% risk of failure)
Confirm with . or Enter, or press ? or * to list all spells.
Aiming: Freeze (safe; 1% risk of failure)
Press: ? - help, Shift-Dir - straight line, f/p - ogre
Aim: an ogre, wielding a +0 giant club (sparse dust, almost dead)
You freeze the ogre.
The ogre is almost dead.
The ogre hits you with a +0 giant club.
You die...

#...............
.......##.#.###..
#....## #!#.# .
...#.!.###...# ..
.%.......#..####...
##.#.......#....)
###...........
##.#)...###.
#.#@##.....
#..O>#..... ##...#
###. #.... #.####
#. .. ..


You could see an ogre.

Vanquished Creatures
  A hound (D:4)
  An orc priest (D:4)
  Ijyb (D:3)
  2 orc wizards (D:3)
  A worker ant (D:4)
  4 gnolls (D:3)
  6 adders
  2 adder skeletons (D:4)
  2 worms
  4 dart slugs
  A leopard gecko (D:3)
  4 orcs
  A ball python (D:3)
  4 giant cockroaches
  8 goblins
  8 hobgoblins
  6 jackals
  A quokka (D:3)
  12 bats
  5 frilled lizards
  6 kobolds
  7 rats
87 creatures vanquished.

Notes
Turn   | Place    | Note
-------+----------+-------------------------------------------
     0 | D:1      | Nixze the Draconian Ice Elementalist began the quest for
                  | the Orb.
     0 | D:1      | Reached XP level 1. HP: 14/14 MP: 3/3
   125 | D:1      | Reached XP level 2. HP: 16/22 MP: 0/5
   317 | D:1      | Learned a level 2 spell: Throw Frost
   344 | D:1      | Reached skill level 1 in Fighting
   652 | D:1      | Found a snail-covered altar of Cheibriados.
   864 | D:2      | Reached XP level 3. HP: 28/28 MP: 3/6
  1202 | D:2      | Learned a level 3 spell: Ozocubu's Armour
  1202 | D:2      | Found an iron altar of Okawaru.
  1561 | D:2      | Found an ancient bone altar of Kikubaaqudgha.
  1562 | D:2      | Found a stormy altar of Qazlal.
  1562 | D:2      | Found a glowing golden altar of the Shining One.
  1563 | D:2      | Found a shattered altar of Ashenzari.
  1572 | D:2      | Became a worshipper of Qazlal Stormbringer
  1596 | D:2      | Reached skill level 4 in Ice Magic
  1799 | D:2      | Reached XP level 4. HP: 35/35 MP: 5/7
  1969 | D:3      | Noticed Ijyb
  2247 | D:3      | Killed Ijyb
  2421 | D:3      | Reached XP level 5. HP: 41/41 MP: 0/9
  2649 | D:3      | Reached * piety under Qazlal
  2739 | D:3      | Found a shadowy altar of Dithmenos.
  3466 | D:3      | Reached skill level 5 in Ice Magic
  3466 | D:3      | Reached XP level 6. HP: 33/50 MP: 3/10
  3841 | D:4      | Slain by an ogre

Levels and vault maps discovered:
D:1:      dpeg_arrival_simpleton_c, layout_rooms, kennysheep_flooded_box
D:2:      layout_basic, chequers_temple_overflow_statue_of_worship,
          okawaru_gym_becter
D:3:      layout_loops_ring, lemuel_doored_altar, minmay_misc_feat_ornament,
          uniq_ijyb
D:4:      layout_rooms

Skill      XL: |  1  2  3  4  5 |
---------------+----------------+-----
Fighting       | 1 2 |  2.9
Ice Magic      | 4 5 |  5.1
Conjurations   | 2 |  2.7
Spellcasting   | 3 |  3.3
Dodging        | |  1.7
Stealth        | |  1.7

Action                   |  1- 3 |  4- 6 || total
-------------------------+-------+-------++-------
Melee: Dagger            |    13 |    12 ||    25
       Tailslap          |     1 |     1 ||     2
       Whip              |       |    15 ||    15
 Cast: Freeze            |    59 |   105 ||   164
       Throw Frost       |     1 |     4 ||     5
  Use: Scroll            |     3 |       ||     3
 Stab: Sleeping          |     1 |       ||     1
  Eat: Chunk             |     4 |     6 ||    10
Armor: Skin              |    17 |    44 ||    61
Dodge: Dodged            |    36 |    57 ||    93
Block: Other             |     1 |    13 ||    14
